Map: Romanticide LE

Players

Asuna

  • Race: Protoss Protoss
  • League: Master
  • Spawn Location: 11:00

MaSa - Winner!

  • Race: Terran Terran
  • League: Master
  • Spawn Location: 5:00

Event: DreamHack SC2 Masters 2020 Winter

VOD

Have the link to the VOD?

Description

Time

  • Played on: Oct. 27, 2020, 5:48 p.m.
  • Length: 14:52

All games in this series

Show
View Real Time Build Order
Export as new Build Order

Asuna Protoss 

Build Orders: Phoenix Opening 

Get SALT Encoding   

  12  0:00  Probe  
  13  0:12  Probe  
  14  0:17  Pylon  
  14  0:24  Probe (Chrono Boost)  
  15  0:36  Probe (Chrono Boost)  
  15  0:37  Gateway  
  16  0:45  Probe (Chrono Boost)  
  16  0:46  Assimilator  
  17  0:51  Probe  
  18  1:03  Probe  
  19  1:20  Probe  
  19  1:25  Cybernetics Core  
  20  1:35  Pylon  
  20  1:38  Probe  
  21  1:42  Assimilator  
  20  1:51  Probe  
  21  1:55  Nexus  
  21  2:00  Adept (Chrono Boost)  
  21  2:05  Shield Battery  
  23  2:08  Probe  
  24  2:15  Warp Gate  
  24  2:20  Adept (Chrono Boost), Probe  
  27  2:35  Probe  
  28  2:43  Adept  
  28  2:44  Pylon  
  30  2:52  Stargate  
  30  3:00  Probe  
  30  3:04  Shield Battery  
  31  3:07  Probe  
  31  3:12  Probe  
  34  3:20  Probe  
  34  3:24  Probe  
  34  3:27  Gateway  
  35  3:32  Probe  
  36  3:36  Phoenix (Chrono Boost), Probe  
  39  3:44  Probe  
  40  3:48  Probe  
  40  3:52  Phoenix (Chrono Boost)  
  40  3:54  Pylon  
  43  3:56  Probe  
  44  4:03  Probe  
  44  4:04  Robotics Facility  
  44  4:08  Probe  
  46  4:13  Phoenix (Chrono Boost)  
  41  4:24  Probe  
  41  4:27  Probe  
  43  4:37  Probe  
  44  4:41  Twilight Council  
  44  4:46  Probe  
  44  4:48  Assimilator  
  44  4:49  Probe  
  46  4:53  Assimilator, Phoenix  
  46  4:58  Probe  
  46  5:08  Zealot  
  46  5:09  Zealot  
  46  5:10  Probe x2  
  51  5:22  Probe x2  
  53  5:30  Charge (Chrono Boost)  
  53  5:34  Probe x2  
  53  5:35  Gateway x2  
  55  5:45  Pylon  
  55  5:46  Probe  
  55  5:49  Observer  
  57  5:51  Probe  
  57  5:55  Zealot, Sentry  
  62  5:57  Pylon  
  62  6:03  Probe  
  63  6:08  Phoenix  
  65  6:16  Pylon  
  65  6:17  Gateway x2  
  65  6:21  Observer  
  66  6:28  Probe x2  
  68  6:33  Phoenix  
  68  6:37  Forge, Zealot  
  68  6:39  Zealot  
  74  6:54  Zealot x2  
  78  6:56  Probe x2  
  80  7:03  Phoenix  
  80  7:07  Protoss Ground Weapons Level 1 (Chrono Boost)  
  82  7:12  Nexus  
  82  7:18  Pylon  
  82  7:23  Zealot  
  82  7:24  Zealot  
  86  7:32  Pylon  
  86  7:36  Zealot  
  86  7:39  Pylon  
  86  7:46  Templar Archives  
  86  7:49  Pylon  
  84  8:04  Phoenix (Chrono Boost)  
  82  8:08  Robotics Bay, Immortal (Chrono Boost)  
  89  8:12  Probe  
  89  8:14  Probe  
  90  8:21  Phoenix, Shield Battery  
  90  8:25  Probe (Chrono Boost)  
  94  8:27  Probe (Chrono Boost)  
  94  8:32  Probe (Chrono Boost)  
  95  8:36  Probe (Chrono Boost)  
  95  8:37  Probe (Chrono Boost)  
  95  8:41  Probe x2 (Chrono Boost)  
  98  8:42  Probe (Chrono Boost)  
  98  8:46  Phoenix  
  102  8:54  Observer (Chrono Boost)  
  101  8:57  Probe x3  
  101  8:59  Assimilator  
  101  9:02  Assimilator  
  104  9:09  Probe  
  103  9:11  Phoenix, Zealot x4  
  104  9:17  Probe x2  
  104  9:21  Probe  
  104  9:23  Colossus (Chrono Boost)  
  103  9:29  Probe x2  
  110  9:33  Protoss Ground Weapons Level 2 (Chrono Boost), Probe  
  111  9:40  Extended Thermal Lance  
  111  9:41  Probe x2  
  113  9:45  Probe  
  114  9:53  Probe x2  
  114  9:54  Zealot x2  
  114  9:58  Probe  
  121  10:05  Probe  
  121  10:06  Probe  
  123  10:10  Probe  
  124  10:18  Probe x2  
  124  10:20  Zealot  
  124  10:21  Zealot x5  
  124  10:22  Probe  
  124  10:25  Observer  
  122  10:30  Probe x2  
  122  10:34  Probe  
  125  10:36  Pylon  
  125  10:44  Pylon  
  126  10:58  Observer (Chrono Boost)  
  126  11:01  High Templar x3  
  126  11:02  High Templar x3  
  133  11:06  Gateway  
  133  11:07  Archon x3  
  133  11:10  Pylon  
  132  11:13  Gateway, Pylon  
  132  11:15  Pylon, Probe  
  132  11:17  Photon Cannon  
  132  11:18  Pylon  
  132  11:21  Probe  
  132  11:22  Photon Cannon  
  132  11:24  Photon Cannon  
  132  11:25  Colossus (Chrono Boost)  
  139  11:39  Phoenix (Chrono Boost)  
  141  11:53  Zealot x6  
  123  11:56  Observer  
  99  12:03  Zealot  
  99  12:07  Zealot  
  91  12:13  Observer (Chrono Boost)  
  92  12:21  High Templar x4  
  92  12:22  High Templar x2  
  104  12:24  Nexus  
  104  12:25  Archon x2, Pylon  
  104  12:26  Archon  
  103  12:32  Colossus (Chrono Boost)  
  109  12:41  Phoenix  
  111  12:44  Zealot x2  
  111  12:49  Pylon  
  102  12:53  Zealot x2  
  102  12:54  Zealot x4  
  101  13:08  Phoenix  
  97  13:17  High Templar x2  
  97  13:18  Nexus  
  97  13:19  High Templar  
  103  13:20  High Templar  
  103  13:22  Archon  
  103  13:25  Observer (Chrono Boost)  
  100  13:35  Phoenix  
  100  13:40  Zealot x4  
  109  13:53  Zealot x4  
  110  14:00  Zealot x4  
  99  14:03  Probe x3  
  83  14:13  Zealot x4  
  83  14:15  Probe  
  83  14:16  Probe x2  
  87  14:25  Phoenix (Chrono Boost)  
  87  14:27  Probe  
  87  14:28  Probe x2  
  87  14:30  Pylon  
  90  14:32  Probe  
  90  14:35  High Templar x4  
  90  14:37  Zealot x2  
  103  14:39  Probe  
  103  14:40  Probe  
  103  14:44  Archon  
  93  14:45  Archon  
Show
View Real Time Build Order
Export as new Build Order

MaSa Terran - Winner!

Build Orders:  

Get SALT Encoding   

  12  0:00  SCV  
  13  0:12  SCV  
  14  0:16  Supply Depot  
  14  0:24  SCV  
  15  0:38  SCV  
  15  0:39  Barracks  
  16  0:44  Refinery  
  16  0:50  SCV  
  17  1:02  SCV  
  18  1:04  Engineering Bay  
  18  1:14  SCV  
  19  1:28  Marine, Orbital Command  
  19  1:31  Supply Depot  
  20  1:48  Factory  
  20  1:54  SCV  
  21  2:03  Barracks Reactor  
  21  2:06  SCV  
  22  2:19  SCV, Command Center  
  23  2:22  Refinery  
  23  2:31  SCV  
  24  2:42  Hellion x2  
  24  2:43  Starport  
  28  2:49  Supply Depot  
  28  2:51  SCV  
  29  2:53  Barracks Tech Lab  
  28  3:04  Hellion  
  30  3:09  SCV  
  30  3:11  Hellion  
  33  3:22  Medivac  
  33  3:25  SCV  
  36  3:33  Widow Mine  
  38  3:35  Marine  
  39  3:44  Widow Mine, SCV  
  39  3:45  Orbital Command  
  42  3:49  Bunker  
  42  3:56  SCV  
  43  4:08  SCV  
  44  4:15  SCV  
  43  4:18  Command Center  
  43  4:20  SCV  
  40  4:27  SCV  
  39  4:31  Barracks  
  39  4:35  Cyclone  
  39  4:36  Marine  
  43  4:38  SCV  
  43  4:40  Marine  
  43  4:43  SCV  
  46  4:51  SCV  
  46  4:52  Barracks  
  47  4:54  Marine  
  47  4:56  SCV  
  49  5:03  SCV  
  50  5:07  Marine  
  50  5:08  SCV  
  50  5:12  Marine  
  51  5:15  SCV  
  51  5:17  Engineering Bay  
  51  5:19  Factory Reactor  
  51  5:20  SCV  
  51  5:23  Supply Depot  
  51  5:24  Refinery  
  51  5:26  Marine, Starport Reactor  
  51  5:27  SCV  
  51  5:28  Marine, Stimpack  
  53  5:30  Marine  
  53  5:32  SCV  
  53  5:34  Orbital Command  
  56  5:39  SCV  
  57  5:44  Marine, SCV  
  57  5:45  Supply Depot  
  57  5:46  Marine, Barracks Reactor  
  57  5:48  Marine  
  57  5:49  Terran Infantry Weapons Level 1  
  61  5:51  SCV  
  61  5:54  Missile Turret  
  62  6:00  Widow Mine, Barracks x2, Orbital Command  
  62  6:02  Widow Mine  
  67  6:05  SCV  
  67  6:06  Marine x2  
  67  6:08  Marine  
  67  6:11  Medivac  
  72  6:13  Medivac, SCV  
  72  6:16  Supply Depot  
  72  6:18  SCV  
  76  6:21  Widow Mine  
  76  6:22  Marine  
  76  6:23  Widow Mine  
  81  6:26  SCV  
  81  6:30  SCV x2  
  84  6:34  Supply Depot, Marine  
  84  6:35  Refinery  
  84  6:38  Marine  
  86  6:40  Marine x2  
  86  6:41  Marauder  
  86  6:43  SCV x3  
  93  6:51  Barracks Tech Lab, Barracks Reactor  
  93  6:53  Supply Depot  
  93  6:55  Medivac x2  
  93  6:56  Widow Mine x2  
  93  7:00  Supply Depot  
  101  7:09  SCV x2  
  101  7:10  Combat Shield, Marauder, Marine x2  
  101  7:14  Marine x2  
  101  7:15  SCV, Marauder  
  106  7:20  Widow Mine  
  106  7:21  SCV x2  
  106  7:22  Widow Mine  
  112  7:27  Supply Depot x2, SCV, Medivac x2  
  117  7:37  Engineering Bay  
  117  7:38  Armory  
  117  7:40  SCV  
  117  7:48  Marine x3, SCV x2  
  117  7:50  Supply Depot  
  122  7:52  SCV  
  122  7:53  Command Center  
  122  7:55  Marine  
  122  7:56  Marine, Marauder x2  
  118  8:00  Marine, SCV  
  118  8:01  Widow Mine  
  118  8:02  SCV  
  118  8:04  SCV  
  116  8:06  Marine, Supply Depot  
  116  8:08  Supply Depot, Missile Turret  
  116  8:09  Marine x2  
  116  8:12  Medivac  
  121  8:13  Medivac  
  121  8:14  Marine  
  121  8:15  SCV  
  125  8:21  Refinery  
  125  8:28  SCV x2  
  125  8:31  Supply Depot  
  125  8:32  Marine x5  
  125  8:33  Widow Mine x2  
  136  8:40  Marine  
  136  8:41  Marauder x2  
  137  8:44  SCV  
  137  8:45  SCV  
  126  8:49  Marine  
  126  8:50  Marine x3  
  126  8:51  Marine  
  126  8:54  Widow Mine  
  127  8:56  Terran Infantry Armor Level 1  
  127  8:57  Barracks x2  
  127  8:58  Marine, Barracks, Terran Infantry Weapons Level 2  
  127  8:59  Ghost Academy  
  128  9:03  Widow Mine, Medivac  
  128  9:04  Medivac  
  128  9:05  Marine  
  135  9:14  Marine x4  
  135  9:15  Marauder  
  135  9:16  Widow Mine  
  141  9:21  SCV x3  
  141  9:24  Marauder  
  132  9:25  Widow Mine  
  132  9:29  Marine x2  
  132  9:33  Medivac  
  132  9:34  Medivac  
  132  9:35  Marine x5  
  132  9:37  Widow Mine  
  143  9:39  Concussive Shells  
  143  9:45  Barracks Tech Lab, Marine, Refinery, SCV x2  
  146  9:46  Barracks Tech Lab x2, Widow Mine  
  146  9:51  Planetary Fortress  
  148  9:55  Marine x5  
  148  9:59  Missile Turret  
  155  10:06  Marauder, Ghost x2  
  159  10:08  Marine, Marauder  
  159  10:13  Marine  
  161  10:17  Medivac, Marine  
  161  10:19  Marine x3  
  147  10:26  Marine  
  147  10:27  Marauder  
  141  10:30  Marauder, Command Center, Marine  
  141  10:33  Barracks  
  141  10:34  Starport, Barracks  
  141  10:35  Marine x2, Marauder  
  145  10:37  Widow Mine, Marine  
  145  10:40  Marine x2  
  151  10:46  Medivac  
  151  10:48  Ghost  
  155  10:53  Enhanced Shockwaves  
  155  10:54  SCV, Marine x2  
  155  10:55  Marauder  
  152  11:03  Marine x4  
  152  11:04  Marauder  
  158  11:10  Marauder  
  158  11:11  Widow Mine x2  
  164  11:12  Marine x2  
  164  11:14  Terran Infantry Armor Level 2  
  164  11:16  Marine  
  163  11:20  Marine  
  163  11:21  Marine x2  
  163  11:23  Barracks Tech Lab, Barracks Reactor  
  163  11:24  Supply Depot, Refinery x2  
  163  11:25  Marauder, SCV x3  
  169  11:26  Supply Depot  
  169  11:31  Marauder  
  169  11:34  Medivac  
  169  11:35  Starport Reactor  
  169  11:37  Marine x3, Marauder  
  169  11:38  SCV x2  
  169  11:39  Marauder  
  167  11:55  Marine x5, Marauder x2  
  167  11:56  Marauder  
  167  11:59  Marauder  
  167  12:00  Marauder, Marine x2  
  169  12:05  Medivac x2  
  160  12:08  Marine  
  160  12:10  Widow Mine x2  
  160  12:12  SCV x2, Marine x2  
  160  12:13  Marine  
  166  12:16  Marauder x2  
  166  12:17  Marauder, Personal Cloaking  
  166  12:21  Medivac x2  
  176  12:24  Unknown  
  176  12:26  Marine x4  
  176  12:27  Marauder x2  
  184  12:34  Planetary Fortress  
  184  12:35  Medivac  
  185  12:38  Marauder x3  
  185  12:39  Command Center  
  179  12:53  Marine x3, Marauder x2  
  173  12:59  Medivac x2  
  173  13:01  Marine x5, Marauder x3  
  181  13:10  Marine  
  181  13:11  Marine x2  
  177  13:13  Widow Mine x2  
  177  13:14  Marauder  
  177  13:15  Marauder  
  177  13:19  Marine x5  
  186  13:22  Marauder  
  186  13:23  Marauder x2  
  192  13:29  Medivac x2  
  190  13:36  Marauder  
  190  13:37  Marine x4, Marauder  
  190  13:39  Widow Mine  
  195  13:57  Marine, Marauder  
  184  14:03  Marine x5, Marauder x2  
  184  14:04  Marauder  
  184  14:05  Medivac  
  184  14:06  Medivac  
  180  14:13  Marine x2  
  180  14:14  Marauder  
  180  14:15  Marine  
  185  14:19  Marauder  
  185  14:20  Marine  
  185  14:22  Marine  
  185  14:24  Marine x3, Marauder x2  
  187  14:25  Marauder  
  187  14:26  SCV x2  
Tags
 
Add a new tag
Caveats
  • Supply blocks, unpowered buildings, or Contaminate may cause inaccurate times.
  • Supply counts are checked every 10 seconds.